 Dungeon Crawl Stone Soup version 0.18-a0-29-gce27f3c (webtiles) character file.

182086 Duffy the Fencer (level 19, -5/151 HPs)
             Began as a Formicid Berserker on Nov 4, 2015.
             Was the Champion of Trog.
             Killed from afar by a crystal guardian (29 damage)
             ... with a crystal bolt
             ... on level 3 of the Elven Halls.
             The game lasted 01:07:41 (37059 turns).

Duffy the Fencer (Formicid Berserker)              Turns: 37059, Time: 01:07:41

Health: -5/151     AC: 29    Str: 22    XL:     19   Next: 2%
Magic:  0/9        EV: 21    Int:  6    God:    Trog [******]
Gold:   3089       SH: 26    Dex: 16    Spells: 0 memorised, 18 levels left

rFire  . . .     SeeInvis +     a - +6 double sword (antimagic)
rCold  . . .     Clarity  .     U - +3 plate armour
rNeg   + . .     SustAt   .     k - +6 large shield of Ignorance {rN+ AC+2 EV+2 Int-6 *Curse}
rPois  .         Gourm    .     (helmet unavailable)
rElec  .         Spirit   +     Q - +0 cloak
rCorr  .         Warding  .     B - +2 pair of gloves
rMut   .         Stasis   +     A - +1 pair of boots
MR     +++..                    h - amulet of guardian spirit
Stlth  ..........               u - ring of the Mage {Wiz MR++ Int+3}
                                T - +6 ring of evasion

@: extremely resistant to hostile enchantments, extremely unstealthy
A: permanent stasis, dig shafts and tunnels, four strong arms, antennae 3,
mutation resistance 1
a: Dig, Shaft Self, Trog's Hand, Brothers in Arms, Burn Spellbooks, Renounce
Religion


You were on level 3 of the Elven Halls.
You worshipped Trog.
Trog was exalted by your worship.
You were not hungry.

You visited 4 branches of the dungeon, and saw 30 of its levels.
You also visited: Labyrinth, Ice Cave and Volcano.

You collected 5572 gold pieces.
You spent 2483 gold pieces at shops.


Innate Abilities, Weirdness & Mutations

You are under a permanent stasis effect.
You can dig through walls and to a lower floor.
Your four strong arms can wield two-handed weapons with a shield.
You have a pair of large antennae on your head (SInv).
You are somewhat resistant to further mutation.


   Skills:
 + Level 13.9 Fighting
 + Level 17.8 Long Blades
 + Level 14.0 Armour
 - Level 10.8 Dodging
 - Level 15.0 Shields
 - Level 12.0 Evocations


You had 18 spell levels left.
You didn't know any spells.

Inventory:

Hand Weapons
 a - a +6 antimagic double sword (weapon)
 b - a +0 triple sword of flaming
 L - a +0 blowgun
Missiles
 d - 855 stones (quivered)
 E - 41 poisoned needles
 G - 5 throwing nets
 P - 11 curare-tipped needles
Armour
 k - the +6 large shield of Ignorance (worn) {rN+ AC+2 EV+2 Int-6 *Curse}

   It affects your AC (+2).
   It affects your evasion (+2).
   It affects your intelligence (-6).
   It protects you from negative energy.
   It may re-curse itself when equipped.
 A - a +1 pair of boots (worn)
 B - a +2 pair of gloves (worn)
 J - a +2 chain mail of poison resistance
 Q - a +0 cloak (worn)
 U - a +3 plate armour (worn)
Jewellery
 e - an uncursed ring of fire
 h - an amulet of guardian spirit (around neck)
 l - a +4 ring of evasion
 q - an uncursed ring of invisibility
 u - the ring of the Mage (right hand) {Wiz MR++ Int+3}

   [ring of wizardry]

   It improves your spell success rate.
   It affects your intelligence (+3).
   It affects your resistance to hostile enchantments.
 H - an uncursed ring of sustain attributes
 O - an uncursed ring of poison resistance
 T - a +6 ring of evasion (left hand)
Wands
 f - a wand of paralysis (11)
 x - a wand of disintegration (18)
 D - a wand of fire (2)
 M - a wand of lightning (0)
 V - a wand of lightning (0)
 X - a wand of digging (14)
Scrolls
 g - 10 scrolls of remove curse
 n - a scroll of vulnerability
 o - 3 scrolls of fear
 p - 8 scrolls of enchant weapon
 r - 7 scrolls of enchant armour
 v - 4 scrolls of immolation
 y - 2 scrolls of recharging
 C - 9 scrolls of fog
 F - 8 scrolls of identify
Potions
 i - 17 potions of curing
 j - 4 potions of invisibility
 s - 4 potions of cure mutation
 t - 2 potions of magic
 w - 12 potions of heal wounds
 z - 3 potions of flight
 K - 8 potions of resistance
 N - 9 potions of might
 R - 6 potions of agility
 Y - a potion of cancellation
 Z - 5 potions of brilliance
Miscellaneous
 I - a phial of floods
Comestibles
 c - 8 bread rations
 m - 10 slices of pizza
 S - 12 beef jerkies
 W - 4 meat rations

Dungeon Overview and Level Annotations

Branches:
Dungeon (15/15)            Temple (0/1) D:4            Lair (8/8) D:8
  Swamp (0/4) Lair:6       Spider (0/4) Lair:4        Slime (0/6) Lair:8
    Orc (4/4) D:9             Elf (3/3) Orc:3        Vaults (0/5) D:14
 Depths (0/5) D:15

Altars:
Dithmenos
Fedhas
Gozag
Nemelex Xobeh
Okawaru
Qazlal
Ru
Vehumet
Xom
Beogh

Shops:
D:5 %   D:6 =   D:7 }   D:8 [(%(   D:9 :   Orc:1 !   Orc:3 }:   Orc:4 *!%!*
Elf:1 *([((   Elf:2 (

Annotations:
Elf:2 3 runed doors


Message History

You are too injured to fight recklessly!
You are too injured to fight recklessly!
You are too injured to fight recklessly!
You are too injured to fight recklessly!
You are too injured to fight recklessly!
You are too injured to fight recklessly!
You are too injured to fight recklessly!
You are too injured to fight recklessly!
You are too injured to fight recklessly!
You are too injured to fight recklessly!
You are too injured to fight recklessly!
You are too injured to fight recklessly!
You are too injured to fight recklessly!
You are too injured to fight recklessly!
You are too injured to fight recklessly!
You are too injured to fight recklessly!
You hit the crystal guardian but do no damage.
The crystal guardian is lightly damaged.
The crystal guardian fires a crystalline bolt at you.
The crystal bolt burns you! The crystal bolt misses you.
The crystal bolt burns the crystal guardian.
The crystal guardian completely resists.
You slash the crystal guardian!
The crystal guardian's magic leaks into the air.
The crystal guardian is moderately damaged.
You hit the crystal guardian.
The crystal guardian's magic leaks into the air.
The crystal guardian is moderately damaged.
You block the crystal guardian's attack.
You slice the crystal guardian!!
The crystal guardian's magic leaks into the air.
The crystal guardian is severely damaged.
The crystal guardian fires a crystalline bolt at you.
The crystal bolt freezes you!
You die...

##.###.##*#.##
##.#######
##.## ##.##.#*
##.## #.##
*#..## ##.#
##.## *#.##.##
##.##
##.###.#*##.##
##.## ##.#.#*
##.###.##
##.## ##.#.##
### ####.#.##
#@#.###.##
*#########8##
##.##
*........{##
##.#
*,######.{{#*
##.### ####
*,* #.#..#
#....# #...
*** ###.####
###### ####
#.....# #
#.....# #
##e..## #


You could see a crystal guardian.

Action                   |  1- 3 |  4- 6 |  7- 9 | 10-12 | 13-15 | 16-18 | 19-21 || total
-------------------------+-------+-------+-------+-------+-------+-------+-------++-------
Melee: Falchion          |    91 |   211 |   221 |       |       |       |       ||   523
       Great sword       |       |       |   207 |    69 |       |       |       ||   276
       Scimitar          |       |       |       |   667 |    17 |       |       ||   684
       Double sword      |       |       |       |   239 |  1545 |  1844 |    17 ||  3645
       Triple sword      |       |       |       |       |    11 |    24 |       ||    35
Invok: Burn Spellbooks   |       |       |     1 |       |     4 |     4 |       ||     9
       Trog's Hand       |       |       |       |     1 |       |       |       ||     1
       Brothers in Arms  |       |       |       |       |       |     1 |       ||     1
 Abil: Dig               |       |     5 |     4 |     9 |    27 |    37 |       ||    82
Evoke: Wand              |       |       |       |       |       |     6 |       ||     6
  Use: Scroll            |       |       |       |    20 |    10 |     8 |       ||    38
       Potion            |       |       |       |       |       |     2 |       ||     2
 Stab: Sleeping          |     1 |       |       |       |       |       |       ||     1
  Eat: Chunk             |     1 |     7 |    12 |    29 |    24 |    27 |       ||   100
       Bread ration      |       |       |     1 |       |       |       |       ||     1
       Royal jelly       |       |       |       |       |     3 |     2 |       ||     5
       Pizza             |       |       |       |       |     2 |     1 |       ||     3
       Fruit             |       |       |       |       |    11 |     4 |       ||    15

Notes
Turn   | Place    | Note
--------------------------------------------------------------
     0 | D:1      | Duffy the Formicid Berserker began the quest for the Orb.
     0 | D:1      | Reached XP level 1. HP: 18/18 MP: 1/1
   411 | D:1      | Reached XP level 2. HP: 22/24 MP: 2/2
  1154 | D:1      | Reached ** piety under Trog
  1154 | D:1      | Reached skill level 4 in Long Blades
  1154 | D:1      | Reached XP level 3. HP: 25/29 MP: 3/3
  1343 | D:2      | Reached XP level 4. HP: 19/35 MP: 4/4
  1779 | D:2      | Noticed Jessica
  1797 | D:2      | Killed Jessica
  1797 | D:2      | Reached skill level 5 in Long Blades
  1920 | D:2      | Reached XP level 5. HP: 36/41 MP: 5/5
  2116 | D:3      | Noticed Sigmund
  2138 | D:3      | Killed Sigmund
  2138 | D:3      | Reached skill level 5 in Fighting
  2138 | D:3      | Reached XP level 6. HP: 24/51 MP: 6/6
  2665 | D:3      | Reached *** piety under Trog
  3062 | D:4      | Noticed youngkai's ghost (novice MiBe)
  3184 | D:4      | Found a staircase to the Ecumenical Temple.
  3264 | D:4      | Noticed Eustachio
  3299 | D:4      | Killed Eustachio
  3299 | D:4      | Reached skill level 6 in Long Blades
  3299 | D:4      | Reached XP level 7. HP: 56/56 MP: 7/7
  3409 | D:4      | Reached skill level 7 in Long Blades
  3925 | D:5      | Entered Level 5 of the Dungeon
  4054 | D:5      | Reached XP level 8. HP: 61/63 MP: 8/8
  4235 | D:4      | Found an opulent altar of Gozag.
  4236 | D:4      | Found a sacrificial altar of Ru.
  4406 | D:4      | Killed youngkai's ghost
  4406 | D:4      | Reached skill level 5 in Armour
  4866 | D:4      | Noticed Purgy
  4880 | D:4      | Killed Purgy
  4880 | D:4      | Reached skill level 8 in Long Blades
  5048 | D:5      | Found Fap Aby's Food Shoppe.
  5412 | D:5      | Found a shadowy altar of Dithmenos.
  5748 | D:6      | Reached skill level 9 in Long Blades
  5748 | D:6      | Reached XP level 9. HP: 56/68 MP: 9/9
  5920 | D:6      | Found Jenu's Jewellery Shoppe.
  6117 | D:6      | Found a radiant altar of Vehumet.
  6135 | D:6      | Noticed Menkaure
  6141 | D:6      | Killed Menkaure
  6324 | D:6      | Reached skill level 10 in Long Blades
  6400 | D:6      | Reached **** piety under Trog
  7154 | D:7      | Found Henac's Quality Used Wands.
  7245 | D:7      | Reached skill level 11 in Long Blades
  7721 | D:7      | Found an iron altar of Okawaru.
  7807 | D:7      | Reached XP level 10. HP: 68/74 MP: 10/10
  8032 | D:8      | Reached skill level 12 in Long Blades
  8232 | D:8      | Found Giypnebb's Weapon Shop.
  8393 | D:8      | Found a stormy altar of Qazlal.
  8403 | D:8      | Noticed Erica
  8422 | D:8      | Killed Erica
  8422 | D:8      | Reached skill level 13 in Long Blades
  8563 | D:8      | Found Wuejar's Food Emporium.
  8567 | D:8      | Noticed an elephant
  8584 | D:8      | Killed an elephant
  8756 | D:8      | Found a staircase to the Lair.
  8809 | D:8      | Reached ***** piety under Trog
  8860 | D:8      | Noticed Psyche
  8875 | D:8      | Killed Psyche
  9228 | D:8      | Reached skill level 14 in Long Blades
  9228 | D:8      | Reached XP level 11. HP: 80/80 MP: 11/11
  9300 | D:8      | Found Gealuh's Antique Weapon Boutique.
  9431 | D:8      | Noticed Pikel
  9441 | D:8      | Killed Pikel
  9441 | D:8      | Reached skill level 6 in Fighting
  9441 | D:8      | Reached skill level 6 in Armour
  9456 | D:8      | Found Arusoota's Antique Armour Shop.
  9708 | D:9      | Reached skill level 7 in Armour
  9895 | D:9      | Reached skill level 7 in Fighting
 10047 | D:9      | Found Hicyrph's Book Emporium.
 10393 | D:9      | Found a staircase to the Orcish Mines.
 10676 | D:9      | Found a shimmering altar of Xom.
 11190 | D:10     | Entered Level 10 of the Dungeon
 11218 | D:10     | Noticed an unseen horror
 11241 | D:10     | Killed an unseen horror
 11241 | D:10     | Reached skill level 8 in Fighting
 11241 | D:10     | Reached skill level 8 in Armour
 11635 | D:10     | Received a gift from Trog
 11697 | D:10     | Noticed a hill giant
 11927 | D:10     | Found a sparkling altar of Nemelex Xobeh.
 11982 | D:10     | Noticed Erolcha
 11990 | D:10     | Killed Erolcha
 11990 | D:10     | Reached skill level 9 in Fighting
 12109 | D:10     | Killed a hill giant
 12109 | D:10     | Reached skill level 9 in Armour
 12123 | D:10     | Noticed a centaur warrior
 12140 | D:10     | Killed a centaur warrior
 12140 | D:10     | Reached XP level 12. HP: 35/96 MP: 5/12
 12713 | Orc:1    | Entered Level 1 of the Orcish Mines
 12818 | Orc:1    | Found Itirph's Distillery.
 13171 | Orc:3    | Reached skill level 10 in Fighting
 13171 | Orc:3    | Reached skill level 10 in Armour
 13561 | Orc:3    | Reached ****** piety under Trog
 13581 | Orc:3    | Found Aqunem's Gadget Boutique.
 13785 | Orc:3    | Received a gift from Trog
 13840 | Orc:3    | Found a staircase to the Elven Halls.
 13841 | Orc:3    | Found Unydess's Book Boutique.
 13912 | Orc:3    | Found a shimmering altar of Xom.
 14303 | Orc:2    | Found a shimmering altar of Xom.
 15248 | D:8      | Bought the cursed +6 large shield of Ignorance {rN+ AC+2 EV+2 Int-6 *Curse} for 1266 gold pieces
 15293 | Lair:1   | Entered Level 1 of the Lair of Beasts
 15373 | Lair:1   | Reached skill level 1 in Shields
 15453 | Lair:1   | Reached skill level 2 in Shields
 15718 | Lair:1   | Reached skill level 3 in Shields
 15797 | Lair:1   | Reached skill level 4 in Shields
 16314 | Lair:2   | Reached skill level 5 in Shields
 16351 | Lair:2   | Reached XP level 13. HP: 104/104 MP: 4/13
 16595 | Lair:2   | Reached skill level 6 in Shields
 17281 | Lair:3   | Received a gift from Trog
 17337 | Lair:3   | Reached skill level 7 in Shields
 17344 | Lair:3   | Reached skill level 15 in Long Blades
 17538 | Lair:3   | Reached skill level 8 in Shields
 18075 | Lair:4   | Noticed Rupert
 18075 | Lair:4   | Noticed Maud
 18099 | Lair:3   | Killed Rupert
 18099 | Lair:3   | Reached skill level 9 in Shields
 18399 | Lair:3   | Killed Maud
 18730 | Lair:4   | Found a hole to the Spider Nest.
 18743 | Lair:4   | Received a gift from Trog
 19027 | Lair:4   | Noticed Harold
 19049 | Lair:4   | Killed Harold
 19143 | Lair:4   | Reached skill level 10 in Shields
 19668 | Lair:5   | Found a frozen archway.
 19681 | Lair:5   | Reached skill level 16 in Long Blades
 19716 | IceCv    | Entered an ice cave
 19757 | IceCv    | Reached XP level 14. HP: 101/111 MP: 4/14
 19924 | IceCv    | Reached skill level 11 in Shields
 20326 | Lair:5   | Reached skill level 12 in Shields
 20634 | Lair:5   | Reached skill level 13 in Shields
 20818 | Lair:5   | Received a gift from Trog
 20930 | Lair:5   | Reached skill level 14 in Shields
 21367 | Lair:6   | Found a staircase to the Swamp.
 22200 | Lair:7   | Found a dark tunnel.
 22215 | Volcano  | Entered a volcano
 22261 | Volcano  | Reached skill level 15 in Shields
 22270 | Volcano  | Reached skill level 2 in Dodging
 22725 | Lair:7   | Reached skill level 3 in Dodging
 22974 | Lair:7   | Reached skill level 4 in Dodging
 22974 | Lair:7   | Reached XP level 15. HP: 79/117 MP: 5/15
 23198 | Lair:7   | Got an ancient buckler
 23365 | Lair:7   | Reached skill level 5 in Dodging
 23468 | Lair:8   | Entered Level 8 of the Lair of Beasts
 23617 | Lair:8   | Received a gift from Trog
 23680 | Lair:8   | Reached skill level 6 in Dodging
 24154 | Lair:8   | Found a staircase to the Slime Pits.
 24163 | Lair:8   | Reached skill level 7 in Dodging
 24491 | Lair:8   | Reached skill level 8 in Dodging
 24864 | Lair:8   | Reached skill level 9 in Dodging
 24886 | Lair:8   | Received a gift from Trog
 24910 | Lair:8   | Found a blossoming altar of Fedhas.
 25164 | Lair:8   | Reached skill level 10 in Dodging
 26252 | D:11     | Reached XP level 16. HP: 124/124 MP: 5/16
 26257 | D:11     | Received a gift from Trog
 26325 | D:11     | Reached skill level 1 in Evocations
 26416 | D:11     | Reached skill level 2 in Evocations
 26725 | D:12     | Reached skill level 3 in Evocations
 26837 | D:12     | Reached skill level 4 in Evocations
 26939 | D:12     | Reached skill level 5 in Evocations
 27063 | D:12     | Noticed Kirke
 27089 | D:12     | Killed Kirke
 27184 | D:12     | Noticed Nergalle
 27210 | D:12     | Reached skill level 6 in Evocations
 27223 | D:12     | Killed Nergalle
 27351 | D:12     | Gained mutation: You are somewhat resistant to further mutation. [potion of beneficial mutation]
 27752 | Orc:4    | Entered Level 4 of the Orcish Mines
 27753 | Orc:4    | Found Qothroeke's General Store.
 27765 | Orc:4    | Reached skill level 7 in Evocations
 28135 | Orc:4    | Received a gift from Trog
 28142 | Orc:4    | Reached skill level 8 in Evocations
 28214 | Orc:4    | Noticed panicbit's ghost (journeyman MiFi)
 28260 | Orc:4    | Killed panicbit's ghost
 28260 | Orc:4    | Reached skill level 9 in Evocations
 28333 | Orc:4    | Found Vedghug's Food Boutique.
 28333 | Orc:4    | Found Ilebiem's Distillery.
 28334 | Orc:4    | Found Buwnits's Assorted Antiques.
 28334 | Orc:4    | Found Dustuc's Distillery.
 28680 | Orc:4    | Bought a potion of might for 48 gold pieces
 28680 | Orc:4    | Bought a potion of heal wounds for 60 gold pieces
 28680 | Orc:4    | Bought a potion of heal wounds for 60 gold pieces
 28681 | Orc:4    | Bought a potion of resistance for 110 gold pieces
 28681 | Orc:4    | Bought a potion of resistance for 110 gold pieces
 28681 | Orc:4    | Bought a potion of heal wounds for 55 gold pieces
 28681 | Orc:4    | Bought 2 potions of invisibility for 176 gold pieces
 28725 | Orc:1    | Bought 2 potions of might for 112 gold pieces
 28725 | Orc:1    | Bought a potion of might for 56 gold pieces
 28725 | Orc:1    | Bought a potion of resistance for 140 gold pieces
 28725 | Orc:1    | Bought a potion of heal wounds for 70 gold pieces
 28745 | Orc:4    | Bought 2 potions of heal wounds for 150 gold pieces
 29024 | D:13     | Found a roughly hewn altar of Beogh.
 29030 | D:13     | Noticed Sonja
 29078 | D:13     | Found a labyrinth entrance.
 29085 | Lab      | Entered a labyrinth
 29245 | Lab      | Reached skill level 10 in Evocations
 29250 | Lab      | Got a slimy lajatang {holy}
 29408 | D:13     | Received a gift from Trog
 29479 | D:13     | Killed Sonja
 29883 | D:14     | Reached skill level 11 in Evocations
 30152 | D:14     | Reached XP level 17. HP: 129/129 MP: 8/25
 30211 | D:14     | Reached skill level 12 in Evocations
 30339 | D:14     | Received a gift from Trog
 30467 | D:14     | Reached skill level 11 in Fighting
 30467 | D:14     | Reached skill level 11 in Armour
 31011 | D:14     | Found a sparkling altar of Nemelex Xobeh.
 31221 | D:14     | Found a gate to the Vaults.
 31276 | D:15     | Entered Level 15 of the Dungeon
 31483 | D:15     | Found a staircase to the Depths.
 32537 | Elf:1    | Entered Level 1 of the Elven Halls
 32565 | Elf:1    | Found Vuts's Antique Weapon Boutique.
 32604 | Elf:1    | Found Lyfip's Antique Weapon Shoppe.
 32727 | Elf:1    | Found Gynipuli's Antique Weapon Shop.
 32765 | Elf:1    | Received a gift from Trog
 32932 | Elf:1    | Reached skill level 12 in Armour
 32954 | Elf:1    | Reached skill level 12 in Fighting
 33176 | Elf:1    | Found Plog's Armour Shop.
 33281 | Elf:1    | Found Ocomiq's Assorted Antiques.
 33307 | Elf:1    | Bought a scroll of magic mapping for 70 gold pieces
 33407 | Elf:1    | Reached XP level 18. HP: 127/141 MP: 7/27
 33414 | Elf:1    | Received a gift from Trog
 33450 | Elf:1    | Reached skill level 17 in Long Blades
 34100 | Elf:2    | Found a radiant altar of Vehumet.
 34147 | Elf:2    | Found Ziolugh's Weapon Emporium.
 34174 | Elf:2    | Found a runed gate.
 34174 | Elf:2    | Found a runed gate.
 34176 | Elf:2    | Found a runed gate.
 34433 | Elf:3    | Entered Level 3 of the Elven Halls
 34624 | Elf:3    | Noticed Saint Roka
 34669 | Elf:3    | Killed Saint Roka
 35198 | Elf:3    | Received a gift from Trog
 35357 | Elf:3    | Noticed Donald
 35386 | Elf:3    | Killed Donald
 35386 | Elf:3    | Reached skill level 13 in Fighting
 35386 | Elf:3    | Reached skill level 13 in Armour
 36218 | Elf:3    | Noticed Asterion
 36282 | Elf:3    | Killed Asterion
 37022 | Elf:3    | Reached skill level 14 in Armour
 37022 | Elf:3    | Reached XP level 19. HP: 116/151 MP: 7/28
 37059 | Elf:3    | Killed from afar by a crystal guardian

Vault maps used:
D:1:      lightli_molten_gateway, minmay_unequal
D:2:      kennysheep_generic_room_8, uniq_jessica
D:3:      uniq_sigmund
D:4:      gammafunk_temple_overflow_statue, minmay_temple_entry_purple_smoke,
          lightli_sewer_entry_pipes, first_bread, uniq_eustachio, uniq_purgy
D:5:      lemuel_coloured_pillars_altar, serial_shops, nicolae_shop_behind_doors
D:6:      vehumet_statue, serial_shops, nicolae_shop_behind_doors,
          hangedman_abyss_or_decor_stagger, uniq_menkaure
D:7:      old_standard_altar, nicolae_for_you_no_charge
D:8:      old_standard_altar, david_lair_generic, serial_shops,
          nicolae_shop_statue_plus, shop, kennysheep_mini_moat, shop,
          grunt_livestock, uniq_psyche, uniq_erica, uniq_pikel
D:9:      erik_orc_1, serial_shops, kennysheep_mini, xom_confusion_cloud
D:10:     nemelex_deck, uniq_erolcha
D:11:     hangedman_weighted_door
D:12:     uniq_nergalle, uniq_kirke
D:13:     lab_entry_generic, special_room, lightli_fourway_metalbox, uniq_sonja
D:14:     minmay_octo_star, david_vaults_5, minmay_tree_intersection,
          nemelex_diamond_rough_becter
D:15:     grunt_enter_depths_snipers, minivault_26, serial_bayou_pond_e
Lair:2:   kennysheep_abandoned_house, grunt_forest_small_clearings, wad_woods_03
Lair:3:   grunt_megastairs_4
Lair:4:   nicolae_spider_entry_non_spiders, lemuel_fruit_tree, uniq_rupert,
          uniq_maud, uniq_harold
Lair:5:   portal_ice_cave_entry_ice_beasts, nicolae_quartered_pool_medium
Lair:6:   minmay_swamp_entry_worms, bh_autumn_forest_stairs
Lair:7:   lightli_volcano_entry_magma_tube
Lair:8:   minmay_lair_end_enchanted_forest, slime_dummy, basic_altar,
          serial_bayou_shore_b
Orc:1:    serial_shops, shop
Orc:2:    basic_altar
Orc:3:    basic_altar, serial_shops, shop, shop, nicolae_orc_pool_cavern
Orc:4:    st_orc_ogre_mass, serial_shops, shop
Elf:1:    serial_shops, nicolae_shop_trees, shop, nicolae_shop_trees,
          nicolae_shop_crystal, shop, orc_legates,
          einodemon_armed_red_devil_minivault
Elf:2:    basic_altar, serial_shops, shop, serial_sigils_hangedman_snap
Elf:3:    minmay_elf_hall_golems, uniq_saint_roka, uniq_asterion, uniq_donald
Lab:      labyrinth_mini_lab, labyrinth_skeletal_remains, nicolae_lab_t_cross
IceCv:    ice_cave_small_demon
Volcano:  volcano_village

Vanquished Creatures
  Saint Roka Rupert Asterion
  A deep elf blademaster
  A tengu reaver Kirke
  The ghost of panicbit the Peltast, a journeyman MiFi of Okawaru Donald
  4 deep elf sorcerers Maud
  A fire giant
  A frost giant
  5 deep elf demonologists
  8 deep elf annihilators
  2 deep elf death magi
  5 crystal guardians
  A vault guard
  A minotaur Erolcha
  A fire dragon
  5 deep elf high priests Harold
  6 centaur warriors
  8 hydras
  4 catoblepae Erica
  2 dancing weapons
  8 death yaks
  4 ogre magi
  An orc high priest Sonja Nergalle
  10 deep elf knights
  An ice devil
  14 skeletal warriors
  3 unseen horrors
  10 hill giants
  5 deep elf summoners Pikel
  9 deep elf conjurers
  3 orc knights
  5 ugly things
  A wizard
  2 griffons
  5 cyclopes
  3 orc sorcerers
  10 elephants
  The ghost of youngkai the Cleaver, a novice MiBe of Trog
  A manticore
  A gargoyle
  2 ice statues Psyche
  2 centaur skeletons
  17 spiny frogs
  8 black mambas
  A spiny frog (shapeshifter)
  A demonic crawler
  3 kobold demonologists
  A yaktaur
  3 komodo dragons
  2 fire drakes
  A freezing wraith
  A jumping spider
  A spriggan druid
  4 red devils
  6 deep elf priests
  9 blue devils
  A harpy zombie
  13 trolls
  A wind drake (shapeshifter)
  16 two-headed ogres
  12 slime creatures
  9 polar bears
  A giant leech
  A boulder beetle
  A trapdoor spider zombie
  17 blink frogs Sigmund
  5 redbacks
  15 spriggans
  A wyvern
  A redback (shapeshifter)
  A trapdoor spider (shapeshifter)
  19 deep elf magi
  74 yaks
  A hungry ghost
  2 humans
  A vampire Eustachio
  2 hogs
  A shadow
  10 hippogriffs
  A wraith
  4 basilisks
  4 mottled dragons
  A warg Menkaure
  21 deep elf fighters
  8 water moccasins
  7 vampire mosquitoes
  21 wolves
  A swamp worm
  A soldier ant
  A swamp drake
  4 porcupines Purgy
  6 sky beasts
  9 ice beasts
  A phantom
  4 wasps
  31 orc warriors
  9 black bears
  29 ogres
  19 centaurs
  4 big kobolds
  15 crocodiles
  24 giant frogs
  2 water moccasin zombies
  A wyvern zombie
  7 scorpions
  2 wyvern skeletons
  15 killer bees
  13 wights
  A quasit
  6 crimson imps
  6 jellies
  2 giant frog skeletons
  5 centaur zombies
  A gnoll shaman
  18 orc priests
  2 giant frog zombies
  7 hounds
  33 orc wizards Jessica
  12 iguanas
  3 hell rats
  9 worker ants
  A statue
  20 sheep
  A giant frog simulacrum
  2 hound zombies
  2 hound skeletons
  11 adders
  6 gnolls
  34 river rats
  A worker ant zombie
  3 shadow imps
  9 white imps
  8 ufetubi
  An ooze
  2 adder skeletons
  4 worms
  6 giant geckos
  187 orcs
  9 bats
  7 giant cockroaches
  4 hobgoblins
  20 kobolds
  2 ball pythons
  A giant gecko skeleton
  6 giant newts
  2 goblins
  6 jackals
  9 quokkas
  2 quokka skeletons
  14 rats
  A bush
  15 fungi
  14 plants
1219 creatures vanquished.
